[Event "ICC tourney 2517 (60 10)"]
[Site "Internet Chess Club"]
[Date "2021.04.18"]
[Round "6"]
[White "BROWN, MADISON:USChessNinja"]
[Black "BOONCHAROEN, NATHAN:Strawberrydevil"]
[Result "1-0"]
[ICCResult "Black resigns"]
[WhiteElo "1740"]
[BlackElo "1664"]
[Opening "French: advance variation"]
[ECO "C02"]
[NIC "FR.03"]
[Time "16:32:43"]
[PlyCount "65"]
[TimeControl "3600+10"]

1. e4 e6 2. d4 d5 3. e5 c5 4. c3 Qb6 5. a3 Nc6 6. Nf3 cxd4 7. cxd4 Bd7 8.
b4 Rc8 9. Be2 f6 10. Be3 fxe5 11. dxe5 Qc7 12. O-O Nxe5 13. Nxe5 Qxe5 14.
Bd4 Qc7 15. Re1 Ne7 16. Nc3 Nc6 17. Bh5+ Kd8 18. Nb5 Qb8 19. Qg4 Nxd4 20.
Nxd4 g6 21. Nxe6+ Bxe6 22. Qxe6 gxh5 23. Qf6+ Kd7 24. Qf7+ Kc6 25. Rac1+
Kb6 26. Qxd5 Rxc1 27. Rxc1 a6 28. Qd4+ Kb5 29. a4+ Kxa4 30. Qa1+ Kb3 31.
Qc3+ Ka4 32. Qc4 Bg7 33. Rc2 { Black resigns } 1-0

[Event "ICC tourney 2517 (60 10)"]
[Site "Internet Chess Club"]
[Date "2021.04.18"]
[Round "6"]
[White "Kashyap, Mahati B:mnm1"]
[Black "IGEL, LIAH:ilikegoose"]
[Result "1-0"]
[ICCResult "Black resigns"]
[WhiteElo "1580"]
[BlackElo "1493"]
[Opening "Scotch game"]
[ECO "C45"]
[NIC "SO.04"]
[Time "16:32:25"]
[PlyCount "67"]
[TimeControl "3600+10"]

1. e4 e5 2. Nf3 Nc6 3. d4 exd4 4. Nxd4 Qf6 5. c3 Bc5 6. Be3 Nge7 7. Bc4 Ne5
8. Be2 O-O 9. O-O d5 10. Nd2 Bb6 11. a4 a5 12. Kh1 N5c6 13. Nc2 Bxe3 14.
Nxe3 Rd8 15. Qc2 d4 16. cxd4 Nxd4 17. Qxc7 Rd7 18. Qc4 Nxe2 19. Qxe2 Qxb2
20. Nec4 Qf6 21. Rfd1 b6 22. Rab1 Ba6 23. Qe3 Nc8 24. Nxb6 Rd3 25. Nd5 Qc6
26. Qf4 Qxa4 27. Nc7 Ra7 28. Nxa6 Rxa6 29. Qb8 Qd7 30. Nf1 Rc6 31. Rxd3
Qxd3 32. Qb7 Qxe4 33. Rd1 Qe8 34. Qxc6 { Black resigns } 1-0

[Event "ICC tourney 2517 (60 10)"]
[Site "Internet Chess Club"]
[Date "2021.04.18"]
[Round "6"]
[White "CHANDI, ISHNOOR SINGH:Ishnoor"]
[Black "HARDAWAY, BREWINGTON:CoolBoy2020"]
[Result "0-1"]
[ICCResult "White checkmated"]
[WhiteElo "1545"]
[BlackElo "2201"]
[Opening "Sicilian: Alapin's variation (2.c3)"]
[ECO "B22"]
[NIC "SI.47"]
[Time "16:32:24"]
[PlyCount "134"]
[TimeControl "3600+10"]

1. e4 c5 2. c3 Nf6 3. e5 Nd5 4. d4 cxd4 5. cxd4 d6 6. Nf3 Nc6 7. Nc3 e6 8.
Bd3 Be7 9. O-O O-O 10. Qe2 dxe5 11. dxe5 Ncb4 12. Rd1 Nxd3 13. Rxd3 Nxc3
14. Rxc3 b6 15. Be3 Bb7 16. Rd1 Qe8 17. Rc7 Bd5 18. Rdc1 Bd8 19. R7c3 f5
20. Nd4 f4 21. Bd2 Qg6 22. f3 Be7 23. Rc7 Bc5 24. Bc3 Qe8 25. Qa6 Qd8 26.
Rxc5 bxc5 27. Nxe6 Qc8 28. Qxc8 Rfxc8 29. Nxf4 Bxa2 30. Nd3 Be6 31. Nf4 Kf7
32. Ra1 g5 33. Nxe6 Kxe6 34. Ra6+ Kd5 35. Kf2 Rc6 36. Ra4 a6 37. g3 Rb8 38.
f4 gxf4 39. gxf4 Rh6 40. f5 Rxh2+ 41. Kg3 Rh5 42. Kg4 Rh1 43. f6 Rf1 44.
Rf4 Rg8+ 45. Kf5 Rxf4+ 46. Kxf4 Ke6 47. b4 cxb4 48. Bxb4 h5 49. Be1 Rg4+
50. Kf3 Kxe5 51. Bc3+ Ke6 52. Ke3 Rg3+ 53. Kd4 Rxc3 54. Kxc3 Kxf6 55. Kb4
h4 56. Ka5 h3 57. Kxa6 h2 58. Kb7 h1=Q+ 59. Kc7 Qd5 60. Kb6 Qc4 61. Kb7 Qc5
62. Kb8 Qc6 63. Ka7 Qb5 64. Ka8 Ke7 65. Ka7 Kd7 66. Ka8 Kc7 67. Ka7 Qa4# {
White checkmated } 0-1

[Event "ICC tourney 2517 (60 10)"]
[Site "Internet Chess Club"]
[Date "2021.04.18"]
[Round "6"]
[White "GAW, CHLOE:HarleyQueen8"]
[Black "MUNDAYAT, Abinav Rajiv:carlsthe1"]
[Result "1/2-1/2"]
[ICCResult "Game drawn by mutual agreement"]
[WhiteElo "1905"]
[BlackElo "2124"]
[Opening "Nimzo-Indian: classical variation"]
[ECO "E32"]
[NIC "NI.20"]
[Time "16:32:25"]
[PlyCount "67"]
[TimeControl "3600+10"]

1. d4 Nf6 2. c4 e6 3. Nc3 Bb4 4. Qc2 O-O 5. a3 Bxc3+ 6. Qxc3 d5 7. Bg5 dxc4
8. Qxc4 b6 9. e3 Ba6 10. Qc2 Bxf1 11. Kxf1 Nbd7 12. Nf3 h6 13. Bh4 c5 14.
h3 Rc8 15. Qe2 Qc7 16. Bg3 Qb7 17. Kg1 Ne4 18. Kh2 Nxg3 19. fxg3 Nf6 20.
Rac1 cxd4 21. exd4 Rc7 22. Qe3 Rfc8 23. Qd2 Ne4 24. Qe3 Rc2 25. Rhe1 Ng5
26. Rxc2 Rxc2 27. Re2 Rxe2 28. Qxe2 Qe4 29. Qf2 Qf5 30. Qe2 Qe4 31. Qf2
Nxf3+ 32. gxf3 Qd3 33. f4 Kf8 34. g4 { Game drawn by mutual agreement }
1/2-1/2

[Event "ICC tourney 2517 (60 10)"]
[Site "Internet Chess Club"]
[Date "2021.04.18"]
[Round "6"]
[White "NANUGONDA, VISHVA:Vish1080"]
[Black "DASARI, SUSHMA REDDY:sushmadasari"]
[Result "1/2-1/2"]
[ICCResult "Game drawn by repetition"]
[WhiteElo "1832"]
[BlackElo "1716"]
[Opening "English opening: Agincourt variation"]
[ECO "A13"]
[NIC "TD.06"]
[Time "16:32:21"]
[PlyCount "96"]
[TimeControl "3600+10"]

1. Nf3 d5 2. c4 e6 3. e3 Nf6 4. Nc3 c5 5. d4 Nc6 6. cxd5 exd5 7. Bb5 a6 8.
Bxc6+ bxc6 9. O-O Bd6 10. h3 O-O 11. b3 cxd4 12. exd4 Bf5 13. Na4 Qc7 14.
Nc5 Rfe8 15. Be3 a5 16. Rc1 h6 17. Qd2 Ne4 18. Nxe4 Bxe4 19. Ne5 Bxe5 20.
dxe5 Qd7 21. f4 Re6 22. Kh2 Qc7 23. Bd4 f6 24. exf6 gxf6 25. Rc3 Kh7 26.
Rg3 Rg8 27. Qf2 Rxg3 28. Qxg3 Qg7 29. Qxg7+ Kxg7 30. Rc1 Bd3 31. Rc5 Re2
32. Kg1 Rxa2 33. Rxc6 Be4 34. g4 Rg2+ 35. Kf1 Rh2 36. h4 Rh3 37. f5 Rxb3
38. Rxf6 Kg8 39. Rg6+ Kf7 40. Rxh6 Rb4 41. Be5 Bd3+ 42. Kf2 Rxg4 43. Rf6+
Ke7 44. Re6+ Kf7 45. Rf6+ Ke7 46. Re6+ Kf7 47. Rf6+ Ke7 48. Re6+ Kf7 { Game
drawn by repetition } 1/2-1/2

[Event "ICC tourney 2517 (60 10)"]
[Site "Internet Chess Club"]
[Date "2021.04.18"]
[Round "6"]
[White "KISLAY, KAUSTUBH:MehPlayer"]
[Black "REDDY, TANVI CHINTHAGUNTA:tcrgm"]
[Result "1-0"]
[ICCResult "Black checkmated"]
[WhiteElo "1430"]
[BlackElo "1564"]
[Opening "Queen's pawn, Mason variation"]
[ECO "D00"]
[NIC "QP.08"]
[Time "16:32:38"]
[PlyCount "101"]
[TimeControl "3600+10"]

1. d4 d5 2. Bf4 Nf6 3. e3 Bf5 4. Bd3 Bg6 5. h4 Bh5 6. Nf3 e6 7. Nbd2 c5 8.
c3 Nc6 9. Qa4 c4 10. Be2 Qd7 11. Qc2 Bg6 12. Qd1 Ne4 13. h5 Bf5 14. Rg1 h6
15. g4 Bh7 16. Ne5 Nxe5 17. Bxe5 Qd8 18. Qa4+ Qd7 19. Qxd7+ Kxd7 20. Nxe4
Bxe4 21. f3 Bh7 22. b3 b5 23. Bh2 b4 24. bxc4 bxc3 25. c5 a6 26. Rc1 c2 27.
Kd2 Be7 28. Bd3 Bxd3 29. Kxd3 Bd8 30. Rxc2 Bc7 31. Bxc7 Kxc7 32. Rb1 Rab8
33. Rcb2 Rxb2 34. Rxb2 f6 35. e4 Rb8 36. Rxb8 Kxb8 37. exd5 exd5 38. a4 a5
39. Ke3 Kc7 40. Kf4 Kd7 41. Kf5 Ke7 42. Kg6 Kf8 43. f4 Ke7 44. Kxg7 Ke6 45.
Kxh6 Kf7 46. g5 fxg5 47. fxg5 Ke7 48. g6 Kd7 49. g7 Kc7 50. g8=Q Kc6 51.
Qc8# { Black checkmated } 1-0

[Event "ICC tourney 2517 (60 10)"]
[Site "Internet Chess Club"]
[Date "2021.04.18"]
[Round "6"]
[White "Ng, Timothy:timothyng2007"]
[Black "MALLADI, EESHAAN VARSHITH SAI:Eeshaan16"]
[Result "0-1"]
[ICCResult "White checkmated"]
[WhiteElo "1801"]
[BlackElo "1891"]
[Opening "Sicilian: Anderssen variation"]
[ECO "B41"]
[NIC "SI.41"]
[Time "16:32:20"]
[PlyCount "70"]
[TimeControl "3600+10"]

1. e4 c5 2. Nf3 e6 3. d4 cxd4 4. Nxd4 Nf6 5. Nc3 Nc6 6. Be2 Bb4 7. f3 d5 8.
exd5 exd5 9. Qd3 Qe7 10. Bg5 O-O 11. Bxf6 Qxf6 12. O-O-O Be6 13. Kb1 Rac8
14. Ncb5 a6 15. Nxc6 bxc6 16. Nd4 a5 17. h4 c5 18. Nxe6 Qxe6 19. c3 c4 20.
Qd2 Bc5 21. Rhe1 Bf2 22. Rf1 Bxh4 23. f4 Rfd8 24. Bf3 Bf6 25. Rfe1 Qf5+ 26.
Ka1 d4 27. g4 Qb5 28. Qc2 dxc3 29. bxc3 Rd3 30. Rb1 Qc5 31. Rb7 Rxc3 32.
Qb2 Rxf3 33. Rb8 Rxb8 34. Re5 Rf1+ 35. Re1 Rxe1# { White checkmated } 0-1

[Event "ICC tourney 2517 (60 10)"]
[Site "Internet Chess Club"]
[Date "2021.04.18"]
[Round "6"]
[White "CHAKRAVARTY, ARITRO:aritroc"]
[Black "LANCMAN, KYLE B:Kyle2007"]
[Result "1-0"]
[ICCResult "Black resigns"]
[WhiteElo "1881"]
[BlackElo "2049"]
[Opening "Catalan opening"]
[ECO "E00"]
[NIC "CA.01"]
[Time "16:32:17"]
[PlyCount "117"]
[TimeControl "3600+10"]

1. d4 Nf6 2. c4 e6 3. g3 Bb4+ 4. Bd2 Qe7 5. Bg2 Nc6 6. Nf3 Bxd2+ 7. Nbxd2
O-O 8. O-O d6 9. Qc2 e5 10. d5 Nb8 11. Ne1 a5 12. h3 Na6 13. a3 Bd7 14. b3
c6 15. dxc6 bxc6 16. e4 Rac8 17. Nd3 Nh5 18. Qc3 Ra8 19. Qxa5 f5 20. exf5
Bxf5 21. Qc3 Rad8 22. Kh2 Qd7 23. c5 Bxd3 24. Qxd3 Nxc5 25. Qc4+ Kh8 26. b4
Ne6 27. Bxc6 Qc7 28. Bd5 Qxc4 29. Nxc4 Nd4 30. Rad1 Nf6 31. Bg2 Rfe8 32. f4
Re7 33. Rfe1 Rc7 34. Nxd6 Rxd6 35. fxe5 Rd8 36. exf6 gxf6 37. a4 Rc4 38.
Rb1 Rb8 39. b5 Rxa4 40. Re4 Ra5 41. Rxd4 Raxb5 42. Rxb5 Rxb5 43. Rd7 Re5
44. h4 f5 45. Kh3 h6 46. Bf1 Kg8 47. Bd3 Rc5 48. Rd5 Rxd5 49. Bc4 Kg7 50.
Bxd5 Kf6 51. Kg2 Ke5 52. Bb7 f4 53. g4 h5 54. g5 Kf5 55. Kf3 Ke5 56. Be4
Ke6 57. Kxf4 Kf7 58. g6+ Kf6 59. Bd3 { Black resigns } 1-0

[Event "ICC tourney 2517 (60 10)"]
[Site "Internet Chess Club"]
[Date "2021.04.18"]
[Round "6"]
[White "KARUNAKARAN, KAPILAN:kapilank"]
[Black "GOLDEN, RIPLEY:rgolden277"]
[Result "1/2-1/2"]
[ICCResult "Game drawn by mutual agreement"]
[WhiteElo "1866"]
[BlackElo "1554"]
[Opening "Ruy Lopez: Marshall, main line, 14...Qh3"]
[ECO "C89"]
[NIC "RL.17"]
[Time "16:32:22"]
[PlyCount "155"]
[TimeControl "3600+10"]

1. e4 e5 2. Nf3 Nc6 3. Bb5 a6 4. Ba4 Nf6 5. O-O b5 6. Bb3 Be7 7. Re1 O-O 8.
c3 d5 9. exd5 Nxd5 10. Nxe5 Nxe5 11. Rxe5 c6 12. d4 Bd6 13. Re1 Qh4 14. g3
Qh3 15. Be3 Bg4 16. Qd3 Rae8 17. Qf1 Qh5 18. Nd2 Kh8 19. Bd1 f5 20. Bxg4
Qxg4 21. f3 Qg6 22. Bf2 f4 23. g4 Ne3 24. Bxe3 fxe3 25. Nb3 Qh6 26. Re2 Rf4
27. Qg2 Kg8 28. Rae1 Rf7 29. Nc1 Qf4 30. Nd3 Qg5 31. h4 Qh6 32. Nc5 a5 33.
a3 Qf4 34. Nd3 Qxf3 35. Qxf3 Rxf3 36. Ne5 Bxe5 37. dxe5 Rxe5 38. Kg2 Rf4
39. Rxe3 Rxe3 40. Rxe3 Rxg4+ 41. Kh3 Rc4 42. Kg3 Kf7 43. b3 Rc5 44. Kg4 h5+
45. Kf4 Kf6 46. Rg3 a4 47. b4 Rc4+ 48. Kf3 Rxh4 49. Ke3 Rc4 50. Kd3 Kf5 51.
Rxg7 Rg4 52. Rh7 h4 53. Rh6 Rc4 54. Rh8 Kg4 55. Rg8+ Kh3 56. Rg6 Kh2 57.
Kd2 h3 58. Kd3 c5 59. bxc5 Rxc5 60. Kd4 Rc4+ 61. Kd3 Rc5 62. Kd4 Rf5 63.
Ke4 Rf2 64. Ke3 Ra2 65. Rg5 Rxa3 66. Rxb5 Rxc3+ 67. Kf2 Rc2+ 68. Kf3 a3 69.
Rb1 a2 70. Ra1 Rb2 71. Rc1 Rb1 72. Rc2+ Kg1 73. Rxa2 h2 74. Rg2+ Kh1 75.
Rg8 Rb3+ 76. Kf2 Rb2+ 77. Kf3 Rb1 78. Kf2 { Game drawn by mutual agreement
} 1/2-1/2

[Event "ICC tourney 2517 (60 10)"]
[Site "Internet Chess Club"]
[Date "2021.04.18"]
[Round "6"]
[White "CHEN, HENRY:Bluebird1222"]
[Black "GUILLEMETTE, HUGO:Heliosis"]
[Result "1/2-1/2"]
[ICCResult "Game drawn by mutual agreement"]
[WhiteElo "1669"]
[BlackElo "1894"]
[Opening "Giuoco Pianissimo"]
[ECO "C55"]
[NIC "IG.01"]
[Time "16:32:56"]
[PlyCount "111"]
[TimeControl "3600+10"]

1. e4 e5 2. Nf3 Nc6 3. Bc4 Nf6 4. d3 Bc5 5. c3 d6 6. Nbd2 a6 7. Bb3 Ba7 8.
h3 Ne7 9. O-O Ng6 10. Re1 O-O 11. Nf1 h6 12. Be3 Be6 13. Bxa7 Rxa7 14. d4
Qe7 15. Ng3 Raa8 16. Qc2 c5 17. Bxe6 Qxe6 18. d5 Qd7 19. Nf5 Nf4 20. Nh2
Kh7 21. Qd1 g6 22. Ng3 b5 23. Ne2 N6h5 24. Nxf4 Nxf4 25. Ng4 f5 26. Nh2
fxe4 27. Rxe4 Qf5 28. f3 Qg5 29. Qf1 Nxh3+ 30. Kh1 Nf4 31. Qf2 Qh5 32. Qc2
Qg5 33. Rd1 Rf5 34. Qf2 Qe7 35. Qf1 Rh5 36. Qe1 Qf7 37. g3 Nxd5 38. f4 Nf6
39. Re2 Ng4 40. Rxd6 Nxh2 41. Rxh2 Rxh2+ 42. Kxh2 exf4 43. Re6 fxg3+ 44.
Kxg3 Ra7 45. Qe4 Rd7 46. a3 h5 47. Rb6 Kh6 48. Rxa6 Re7 49. Qd3 Re6 50.
Rxe6 Qxe6 51. Qxb5 Qe3+ 52. Kg2 h4 53. Qf1 Qg3+ 54. Kh1 Kg5 55. Qg2 Qxg2+
56. Kxg2 { Game drawn by mutual agreement } 1/2-1/2

[Event "ICC tourney 2517 (60 10)"]
[Site "Internet Chess Club"]
[Date "2021.04.18"]
[Round "6"]
[White "OH, JAMES Y:lemon365"]
[Black "Nasta, Kiren:knasta"]
[Result "1-0"]
[ICCResult "Black resigns"]
[WhiteElo "2023"]
[BlackElo "1897"]
[Opening "Giuoco Pianissimo"]
[ECO "C55"]
[NIC "IG.01"]
[Time "16:33:12"]
[PlyCount "107"]
[TimeControl "3600+10"]

1. e4 e5 2. Nf3 Nc6 3. Bc4 Nf6 4. d3 Bc5 5. O-O d6 6. a4 a6 7. c3 O-O 8. b4
Bb6 9. Be3 Bxe3 10. fxe3 Qe7 11. Nbd2 Bd7 12. Qe1 Na7 13. Qh4 b5 14. Bb3 c6
15. Rf2 d5 16. Raf1 h6 17. Ne1 g5 18. Qg3 Nh5 19. Qf3 g4 20. Qe2 g3 21.
Qxh5 gxf2+ 22. Rxf2 Qg5 23. Qxg5+ hxg5 24. exd5 bxa4 25. Bxa4 f6 26. Ne4
Kg7 27. Nc5 Rfd8 28. c4 Rac8 29. Nf3 Kg6 30. e4 Be8 31. Ne6 cxd5 32. Bxe8+
Rxe8 33. exd5 Nc6 34. Nf8+ Rxf8 35. dxc6 Rfd8 36. b5 Rxd3 37. Rb2 e4 38.
Ne1 Rc3 39. b6 Rxc4 40. c7 R4xc7 41. bxc7 Rxc7 42. Ra2 Rc6 43. g4 f5 44.
gxf5+ Kxf5 45. Kf2 Rh6 46. Kg3 Rd6 47. Ra5+ Kf6 48. Kg4 e3 49. Kf3 Re6 50.
Ke2 Rb6 51. Ra2 Re6 52. Ng2 Ke7 53. Nxe3 Rh6 54. Nf5+ { Black resigns } 1-0

[Event "ICC tourney 2517 (60 10)"]
[Site "Internet Chess Club"]
[Date "2021.04.18"]
[Round "6"]
[White "Reiss, Aiden:Aidenrchess"]
[Black "WANG, ELLEN:SkyAngel"]
[Result "1/2-1/2"]
[ICCResult "Game drawn by mutual agreement"]
[WhiteElo "1853"]
[BlackElo "2168"]
[Opening "Caro-Kann: advance variation"]
[ECO "B12"]
[NIC "CK.02"]
[Time "16:32:17"]
[PlyCount "95"]
[TimeControl "3600+10"]

1. e4 c6 2. d4 d5 3. e5 c5 4. dxc5 e6 5. a3 Bxc5 6. b4 Bb6 7. Nf3 Ne7 8.
Bb2 O-O 9. Bd3 Nbc6 10. O-O Ng6 11. Re1 Qc7 12. Nbd2 Rd8 13. c4 Nf4 14. Bf1
dxc4 15. Bxc4 Qe7 16. Qc2 Bd7 17. Ne4 h6 18. h4 a6 19. Ba2 Rac8 20. Bb1 Ng6
21. h5 Nf8 22. Nf6+ Kh8 23. Qe4 Na7 24. Qf4 Bc6 25. Ne4 Bxe4 26. Bxe4 Nb5
27. Rad1 a5 28. Bd3 Nc3 29. Rd2 Nd5 30. Qg4 axb4 31. axb4 Qxb4 32. Re4 Qe7
33. Qg3 Nh7 34. Rg4 Rg8 35. Nh4 Ba5 36. Re2 Nc3 37. Re3 Ng5 38. f4 Nh7 39.
f5 Bb6 40. fxe6 Qxe6 41. Rg6 Bxe3+ 42. Qxe3 Qd5 43. e6 Qc5 44. Qxc5 Rxc5
45. exf7 Rf8 46. Ba3 Rxh5 47. Bxf8 Nxf8 48. Rd6 { Game drawn by mutual
agreement } 1/2-1/2

[Event "ICC tourney 2517 (60 10)"]
[Site "Internet Chess Club"]
[Date "2021.04.18"]
[Round "6"]
[White "LIANG, JASON:Jupiter435"]
[Black "CHASIN, NICO WERNER:nicochasin"]
[Result "0-1"]
[ICCResult "White resigns"]
[WhiteElo "2384"]
[BlackElo "2417"]
[Opening "Sicilian defense"]
[ECO "B40"]
[NIC "SI.43"]
[Time "16:32:29"]
[PlyCount "130"]
[TimeControl "3600+10"]

1. e4 c5 2. Nf3 e6 3. g3 Nc6 4. Bg2 Nf6 5. Qe2 d6 6. O-O Be7 7. c3 O-O 8.
d4 d5 9. e5 Nd7 10. Rd1 b6 11. Bf4 a5 12. h4 Ba6 13. Qe3 b5 14. Nbd2 b4 15.
c4 cxd4 16. Nxd4 Nxd4 17. Qxd4 Bc5 18. Qd3 Nb6 19. Qc2 Qc7 20. Rac1 Rac8
21. Nb3 Be7 22. Nxa5 dxc4 23. Nc6 Bc5 24. Qd2 Bb7 25. Nxb4 Bxg2 26. Kxg2
Rfd8 27. Qe1 Rxd1 28. Rxd1 Na4 29. Kg1 Nxb2 30. Rb1 Bd4 31. Qe2 Na4 32. Qc2
Nc3 33. Re1 Qa5 34. Qd2 Bc5 35. Qd7 Rd8 36. Nc6 Bxf2+ 37. Kf1 Rxd7 38. Nxa5
Bxe1 39. Kxe1 Rd4 40. a3 Nb1 41. Be3 Re4 42. Ke2 Nxa3 43. Kf3 Rxe5 44. Nc6
Rb5 45. Ke4 c3 46. Kd3 c2 47. Bc1 Rd5+ 48. Ke2 Rd1 49. Bxa3 c1=Q 50. Bxc1
Rxc1 51. Nd4 e5 52. Nf5 g6 53. Nh6+ Kg7 54. Ng4 f6 55. Ne3 Rc3 56. Nf1 f5
57. Kf2 e4 58. Ke2 Rf3 59. Ke1 Kf6 60. Ke2 Ke5 61. h5 Rxf1 62. hxg6 Ra1 63.
gxh7 Ra8 64. g4 Rh8 65. gxf5 Kxf5 { White resigns } 0-1

[Event "ICC tourney 2517 (60 10)"]
[Site "Internet Chess Club"]
[Date "2021.04.18"]
[Round "6"]
[White "LOCHAM, DIVJOT SINGH:winner08"]
[Black "SMITH, SILAS:agent1337"]
[Result "1/2-1/2"]
[ICCResult "Game drawn by mutual agreement"]
[WhiteElo "1809"]
[BlackElo "1717"]
[Opening "Sicilian defense"]
[ECO "B40"]
[NIC "SI.43"]
[Time "16:32:39"]
[PlyCount "147"]
[TimeControl "3600+10"]

1. e4 c5 2. Nf3 e6 3. c3 Nf6 4. e5 Nd5 5. d4 cxd4 6. cxd4 d6 7. exd6 Bxd6
8. Bb5+ Bd7 9. Bxd7+ Nxd7 10. O-O O-O 11. Re1 N7f6 12. Ne5 Rc8 13. Bg5 Be7
14. a3 Nd7 15. Bxe7 Qxe7 16. Nd2 Rfd8 17. Ndf3 Nxe5 18. Nxe5 Nb6 19. Re4
Nc4 20. Nxc4 Rxc4 21. b3 Rc6 22. Qh5 Rcd6 23. Qc5 b6 24. Qb4 Qd7 25. Rd1 h6
26. h3 Qc7 27. Qd2 Rd5 28. Rg4 h5 29. Rg3 Kh7 30. Rg5 g6 31. Rxd5 Rxd5 32.
Qd3 Qd7 33. Qf3 Kg7 34. b4 Rxd4 35. Rc1 Rd3 36. Qf4 Rd1+ 37. Rxd1 Qxd1+ 38.
Kh2 Qa1 39. Qe3 Qb2 40. Qg3 e5 41. Qe3 Qd4 42. Qe2 e4 43. Qe1 Qd3 44. Qa1+
Kg8 45. Qc1 Qe2 46. Qf4 Kg7 47. Qe5+ Kh7 48. Qf4 Qa2 49. Qxe4 Qxf2 50. Qe5
Qa2 51. Qf6 Qe6 52. Qf4 a6 53. Qc7 Kg7 54. Qc3+ Qf6 55. Qe3 g5 56. Qd3 Qe5+
57. Kh1 b5 58. Qb3 Kg6 59. Qd3+ Qf5 60. Qd6+ Qe6 61. Qd3+ f5 62. Qd8 Qe1+
63. Kh2 Qe5+ 64. Kh1 f4 65. Qd3+ Qf5 66. Qd6+ Qf6 67. Qd3+ Kh6 68. Qd7 g4
69. hxg4 Qh4+ 70. Kg1 Qxg4 71. Qd6+ Kg5 72. Qxa6 Qd1+ 73. Kh2 Qd3 74. Qe6 {
Game drawn by mutual agreement } 1/2-1/2

[Event "ICC tourney 2517 (60 10)"]
[Site "Internet Chess Club"]
[Date "2021.04.18"]
[Round "6"]
[White "Nieuwerburgh, Paul Alexander:pvnieuwe"]
[Black "Aravindakshan, Sahana:TigerSahi"]
[Result "0-1"]
[ICCResult "White resigns"]
[WhiteElo "1501"]
[BlackElo "1626"]
[Opening "Ruy Lopez: Anderssen variation"]
[ECO "C77"]
[NIC "RL.12"]
[Time "16:32:39"]
[PlyCount "110"]
[TimeControl "3600+10"]

1. e4 e5 2. Nf3 Nc6 3. Bb5 a6 4. Ba4 Nf6 5. d3 b5 6. Bb3 Be7 7. O-O d6 8.
c3 Bb7 9. Re1 O-O 10. d4 Re8 11. a4 Bf8 12. Bg5 h6 13. Bh4 g5 14. Bg3 exd4
15. cxd4 Nxe4 16. Nc3 Nxc3 17. bxc3 Bg7 18. Rxe8+ Qxe8 19. Bc2 b4 20. Rb1
a5 21. Qd3 Rb8 22. Re1 Qd7 23. c4 Re8 24. Rxe8+ Qxe8 25. Kf1 Ba6 26. d5 Ne5
27. Bxe5 dxe5 28. h4 e4 29. Qe2 g4 30. Nd2 f5 31. Qe3 Qe5 32. Bb3 Qc3 33.
Ke2 Qxe3+ 34. Kxe3 Kf7 35. Nf1 Be5 36. g3 h5 37. Ke2 Ke7 38. Ne3 Kd6 39.
Nxf5+ Kc5 40. Ne3 Bd4 41. Bc2 Bxe3 42. fxe3 Bxc4+ 43. Kd2 Bxd5 44. Bb1 Kd6
45. Kc2 c5 46. Kb2 c4 47. Kc2 c3 48. Kd1 Bb3+ 49. Bc2 Bxc2+ 50. Kxc2 Kd5
51. Kb3 Kc5 52. Kc2 Kc4 53. Kb1 b3 54. Kc1 b2+ 55. Kc2 Kb4 { White resigns
} 0-1

[Event "ICC tourney 2517 (60 10)"]
[Site "Internet Chess Club"]
[Date "2021.04.18"]
[Round "6"]
[White "NAKADA, JOHJI DAVID:turtlemasterjo"]
[Black "PUPPALLA, PRANAY:checkmate1823"]
[Result "0-1"]
[ICCResult "White checkmated"]
[WhiteElo "1624"]
[BlackElo "1703"]
[Opening "Caro-Kann: exchange variation"]
[ECO "B13"]
[NIC "CK.02"]
[Time "16:32:31"]
[PlyCount "88"]
[TimeControl "3600+10"]

1. e4 c6 2. d4 d5 3. exd5 cxd5 4. Bd3 Nc6 5. c3 Nf6 6. f4 g6 7. Nf3 Bf5 8.
O-O Bg7 9. Ne5 Bxd3 10. Qxd3 Ne4 11. Nd2 Nd6 12. Ndf3 e6 13. Kh1 a6 14. b3
O-O 15. g4 Rc8 16. h4 Nxe5 17. dxe5 Ne4 18. Bd2 Ng3+ 19. Kg2 Nxf1 20. Rxf1
f6 21. exf6 Bxf6 22. g5 Bg7 23. Rh1 Qe8 24. h5 Qf7 25. Nh4 gxh5 26. g6 hxg6
27. Nxg6 Rfe8 28. Rxh5 Rc7 29. c4 dxc4 30. bxc4 Qd7 31. Qc2 Qc6+ 32. Kg1
Qxc4 33. Qd1 Qd4+ 34. Kh2 Rd7 35. Kg3 Qd3+ 36. Kf2 Bd4+ 37. Ke1 Qg3+ 38.
Ke2 Qf2+ 39. Kd3 Bg7+ 40. Kc2 Rc8+ 41. Kb3 Rd3+ 42. Kb4 Qd4+ 43. Ka5 Ra3+
44. Qa4 Rxa4# { White checkmated } 0-1

[Event "ICC tourney 2517 (60 10)"]
[Site "Internet Chess Club"]
[Date "2021.04.18"]
[Round "6"]
[White "ZHANG, ROGER:RogerZ"]
[Black "Mairaj, Morgan Kenzo:Morganito"]
[Result "0-1"]
[ICCResult "White checkmated"]
[WhiteElo "1950"]
[BlackElo "1822"]
[Opening "Sicilian: Kan, 5.Bd3"]
[ECO "B42"]
[NIC "SI.42"]
[Time "16:32:23"]
[PlyCount "126"]
[TimeControl "3600+10"]

1. e4 c5 2. Nf3 e6 3. d4 cxd4 4. Nxd4 a6 5. Bd3 Nf6 6. e5 Qa5+ 7. Nc3 Qxe5+
8. Be3 Nc6 9. Nf3 Qc7 10. O-O Be7 11. Qe2 O-O 12. Nd4 d5 13. f4 Bc5 14.
Nxc6 Bxe3+ 15. Qxe3 bxc6 16. b4 Bb7 17. Na4 Rfe8 18. Nc5 Nd7 19. Nxd7 Qxd7
20. Qd4 a5 21. bxa5 Rxa5 22. Qb6 Rea8 23. Rfb1 Bc8 24. Rb2 Ra4 25. g3 h6
26. Qc5 Ba6 27. Bxa6 R4xa6 28. Kh1 Ra5 29. Rb8+ Rxb8 30. Qxa5 Qb7 31. Qc5
Qb2 32. Rf1 Qxa2 33. Qxc6 Rb2 34. Rf2 d4 35. Qe4 Qa7 36. Rd2 Rb4 37. Kg2
Rc4 38. c3 Rxc3 39. Qxd4 Qxd4 40. Rxd4 Kh7 41. Ra4 Kg6 42. Ra7 f5 43. Rb7
Rc2+ 44. Kg1 Kf6 45. h3 g5 46. fxg5+ hxg5 47. Rb8 f4 48. gxf4 gxf4 49. Rf8+
Ke5 50. h4 Ke4 51. h5 e5 52. h6 Rc7 53. Rf6 Kf3 54. Rg6 Rh7 55. Ra6 e4 56.
Kf1 e3 57. Rb6 Rc7 58. Rb1 Rc6 59. h7 Rh6 60. h8=Q Rxh8 61. Kg1 Rg8+ 62.
Kh2 Kf2 63. Ra1 Rh8# { White checkmated } 0-1

[Event "ICC tourney 2517 (60 10)"]
[Site "Internet Chess Club"]
[Date "2021.04.18"]
[Round "6"]
[White "BURTON, HENRY:HPenguin"]
[Black "BUCHANAN, ROYAL:Royalegod"]
[Result "1/2-1/2"]
[ICCResult "Game drawn by mutual agreement"]
[WhiteElo "1828"]
[BlackElo "1922"]
[Opening "Sicilian: accelerated fianchetto, Maróczy bind, 6.Be3"]
[ECO "B38"]
[NIC "SI.43"]
[Time "16:33:52"]
[PlyCount "140"]
[TimeControl "3600+10"]

1. e4 c5 2. Nf3 g6 3. d4 cxd4 4. Nxd4 Bg7 5. c4 Nc6 6. Be3 d6 7. Be2 Nf6 8.
f3 O-O 9. Nc3 Bd7 10. O-O Nxd4 11. Bxd4 a5 12. Nd5 Nxd5 13. exd5 Ra6 14. b3
Bxd4+ 15. Qxd4 Qb6 16. Qxb6 Rxb6 17. Rfc1 Rc8 18. Rc3 Rb4 19. a3 Rb6 20.
Rac1 Rc5 21. Kf2 Kg7 22. Ke3 f5 23. g4 Kf6 24. h4 h6 25. Rh1 Ra6 26. b4
axb4 27. axb4 Rc8 28. Rb1 Ra4 29. c5 f4+ 30. Kxf4 dxc5 31. g5+ hxg5+ 32.
hxg5+ Kg7 33. Ke3 cxb4 34. Rxc8 Bxc8 35. Bd1 Ra3+ 36. Kd4 b3 37. Rxb3 Rxb3
38. Bxb3 b6 39. Ke5 Bf5 40. Bc4 Kf8 41. Bb5 Kf7 42. Kd4 Bh3 43. Kc4 Bg2 44.
Bd7 Bxf3 45. Be6+ Kf8 46. Kb5 Be2+ 47. Kxb6 Bd1 48. Bd7 Bb3 49. Kc5 Bc2 50.
Kd4 Bb1 51. Bb5 Kg7 52. Ke5 Bf5 53. Bc4 Bd7 54. Bd3 Bc8 55. Bb5 Bf5 56. Kd4
Bb1 57. Bd7 Bc2 58. Kc5 Bb1 59. Kc6 Bc2 60. Kc7 Bb1 61. Kd8 Kf8 62. Be6 Bc2
63. Kd7 Bb1 64. Kc6 Bc2 65. Kc5 Kg7 66. Kd4 Bb1 67. Ke5 Bc2 68. d6 exd6+
69. Kxd6 Bb1 70. Ke7 Bc2 { Game drawn by mutual agreement } 1/2-1/2